 Dungeon Crawl Stone Soup version 0.28.0 (webtiles) character file.

Game seed: 6820085578266319581

33 zeram the Ducker (level 3, -8/26 HPs)
             Began as an Octopode Fighter on Feb 14, 2022.
             Mangled by a gnoll (10 damage)
             ... on level 1 of the Dungeon.
             The game lasted 00:00:51 (788 turns).

zeram the Ducker (Octopode Fighter)                  Turns: 788, Time: 00:00:52

Health: -8/26      AC:  1    Str: 15    XL:     3   Next: 29%
Magic:  3/3        EV: 13    Int: 12    God:
Gold:   34         SH:  4    Dex: 11    Spells: 2/2 levels left

rFire   . . .      SeeInvis .   a - +0 trident
rCold   . . .      Faith    .   b - +0 buckler
rNeg    . . .      Spirit   .   (helmet restricted)
rPois   .          Reflect  .   (no amulet)
rElec   .          Harm     .   (no ring)
rCorr   .          Rampage  .   (no ring)
Will    .....                   (no ring)
Stlth   ++........              (no ring)
HPRegen 0.08/turn               (no ring)
MPRegen 0.08/turn               (no ring)
                                (no ring)
                                (no ring)

@: no status effects
A: almost no armour, amphibious, 8 rings, camouflage 1, gelatinous body 1,
(nimble swimmer 1), tentacles
a: no special abilities


You were on level 1 of the Dungeon.
You visited 1 branch of the dungeon, and saw 1 of its levels.

You collected 34 gold pieces.

Inventory:

Hand Weapons
 a - a +0 trident (weapon)
Armour
 b - a +0 buckler (worn)
Jewellery
 d - an amulet of magic regeneration
 h - a +4 ring of protection
Scrolls
 f - 2 scrolls of fog {unknown}
 g - a scroll of enchant weapon {unknown}
Potions
 c - a potion of might
 e - 2 potions of curing {unknown}


   Skills:
 - Level 3.0 Fighting
 + Level 2.3 Polearms
 + Level 3.5 Dodging
 + Level 3.5 Shields


You had 2 spell levels left.
You didn't know any spells.
Your spell library was empty.

Dungeon Overview and Level Annotations

Branches:
Dungeon (1/15)

Altars:


Innate Abilities, Weirdness & Mutations

You cannot wear most types of armour.
You are amphibious.
You can wear up to eight rings at the same time.
Your skin changes colour to match your surroundings (Stealth+).
Your rubbery body absorbs attacks. (AC +1, EV +1)
((You are camouflaged when in or above water. (Stealth+)))
You have tentacles for arms and can constrict up to eight enemies at once.


Message History

A rat is nearby!
You reach to attack!
The helpless rat fails to defend itself.
You hit the rat.
The rat is heavily wounded.
You puncture the rat!
You kill the rat!
You now have 33 gold pieces (gained 1).
You now have 34 gold pieces (gained 1).
A gnoll and a quokka come into view.
There is a faded altar of an unknown god here.
You see here a gold piece.
You see here a gold piece.
There are monsters nearby!
There are monsters nearby!
There are monsters nearby!
A rat comes into view.
You reach to attack!
You barely miss the quokka.
The gnoll shouts!
The gnoll hits you from afar with a +0 spear!
You closely miss the quokka. Your grab misses the quokka.
The quokka misses you. The gnoll barely misses you. The quokka bites you.
You puncture the quokka!
You kill the quokka!
The gnoll hits you from afar with a +0 spear!
You are too injured to fight recklessly!
You are too injured to fight recklessly!
You are too injured to fight recklessly!
Unknown command.
You are too injured to fight recklessly!
You are too injured to fight recklessly!
You are too injured to fight recklessly!
Reach: a) +0 trident
Press: ? - help, Dir - move target, f - gnoll
Aim: a gnoll, wielding a +0 spear (about 40% to evade your +0 trident)
You reach to attack!
You barely miss the gnoll.
The gnoll hits you from afar with a +0 spear!
* * * LOW HITPOINT WARNING * * *
The gnoll hits you from afar with a +0 spear!
You die...

####
######....
#.........
#.g.......
+..r......
######.@†..#
+..........#
#.....######
#....#.$$$..#
#....#.$_≈..#
#....#.$≈≈..#
#....#......##
#....#.......#
#....#.....#.#


You could see a gnoll and a rat.

Vanquished Creatures
  A gnoll (D:1)
  A worm (D:1)
  A ball python (D:1)
  An endoplasm (D:1)
  A giant cockroach (D:1)
  A goblin (D:1)
  A hobgoblin (D:1)
  4 jackals (D:1)
  3 kobolds (D:1)
  A quokka (D:1)
  2 frilled lizards (D:1)
  2 rats (D:1)
19 creatures vanquished.

Notes
Turn   | Place    | Note
-------+----------+-------------------------------------------
     0 | D:1      | zeram the Octopode Fighter began the quest for the Orb.
     0 | D:1      | Reached XP level 1. HP: 16/16 MP: 1/1
   302 | D:1      | Reached XP level 2. HP: 14/21 MP: 2/2
   691 | D:1      | Reached XP level 3. HP: 21/26 MP: 3/3
   767 | D:1      | Found a faded altar of an unknown god.
   788 | D:1      | Mangled by a gnoll

Illustrated notes

Levels and vault maps discovered:
D:1:      dpeg_arrival_brainrot, layout_basic,
          hellmonk_ecumenical_altar_pennies_from_heaven, corner_web_ring,
          amethyst_killhole, minmay_surrounded

Action                   || total
-------------------------++-------
Melee: Trident           ||    47
       Constrict         ||     8
       Tentacles         ||    10
       Punch             ||     1
 Stab: Sleeping          ||     2
Armor: Skin              ||     3
Dodge: Dodged            ||    24
Block: Buckler           ||     9
